 Dungeon Crawl Stone Soup version 0.20-b1-18-gaa2fd62 (webtiles) character file.

63 Iflex the Poker (level 4, -14/34 HPs)
             Began as a Merfolk Gladiator on May 24, 2017.
             Demolished by Sigmund
             ... wielding a +0 scythe
              (15 damage)
             ... on level 2 of the Dungeon.
             The game lasted 00:01:58 (938 turns).

Iflex the Poker (Merfolk Gladiator)                  Turns: 938, Time: 00:01:59

Health: -14/34     AC:  4    Str: 15    XL:     4   Next: 9%
Magic:  4/4        EV: 14    Int:  7    God:
Gold:   74         SH:  0    Dex: 15    Spells: 3/3 levels left

rFire    . . .     SeeInvis .   a - +0 trident
rCold    . . .     Gourm    .   (no shield)
rNeg     . . .     Faith    .   b - +0 leather armour
rPois    .         Spirit   .   c - +0 helmet
rElec    .         Reflect  .   (no cloak)
rCorr    .         Harm     .   (no gloves)
MR       .....                  (no boots)
Stlth    ++........             (no amulet)
Regen    0.2/turn               (no ring)
MPRegen  0.1/turn               (no ring)

@: no status effects
A: change form in water, swift swim, stealthy swim
a: no special abilities


You were on level 2 of the Dungeon.
You were not hungry.

You visited 1 branch of the dungeon, and saw 2 of its levels.

You collected 74 gold pieces.

Inventory:

Hand Weapons
 a - a +0 trident (weapon)
Missiles
 d - 3 throwing nets (quivered)
Armour
 b - a +0 leather armour (worn)
 c - a +0 helmet (worn)
Jewellery
 e - an uncursed ring of wizardry {unknown}
 j - an uncursed ring of protection from magic {unknown}
Scrolls
 i - a scroll of amnesia {unknown}
 k - a scroll of enchant weapon {unknown}
Potions
 h - a potion of heal wounds {unknown}
 l - 2 potions of berserk rage {unknown}
Comestibles
 f - 4 bread rations
 g - a royal jelly
 m - a meat ration


   Skills:
 + Level 2.3 Fighting
 + Level 5.6 Polearms
 + Level 2.2 Throwing
 + Level 0.3 Armour
 + Level 4.7 Dodging
 + Level 1.2 Stealth


You had 3 spell levels left.
You didn't know any spells.

Dungeon Overview and Level Annotations

Branches:
Dungeon (2/15)

Altars:

Annotations:
D:2 Sigmund


Message History

You kill the hobgoblin!
You hear some strange, mumbled words.
Something tries to affect you, but you resist.
You see here a hobgoblin corpse.
You miss something.
You hear some strange, mumbled words.
A puff of flame appears from out of thin air!
The puff of flame hits you!
You hit something. Something hits you.
You miss something. You barely miss something. Something hits you.
You barely miss something. Something hits you!
You hit something. You barely miss something.
Something hits you but does no damage.
You completely miss something. Something hits you!
* * * LOW HITPOINT WARNING * * *
You puncture something! You hit something.
Something hits you but does no damage.
You hit something but do no damage. Something hits you!
You die...

### #.. #######..
### ......... ..##
########.. #...
#......... #..#
#.########
######..#########.#
######
........{@.....[..#
#.....
#####.#.###########
#.###. # #># #.##.#
#.# #..... #.#
######..#.# #..
###.......##. ...
..#.#####.... ###
#.#.# #.'### #.#.#
#.#...


There were no monsters in sight!

Vanquished Creatures
  An adder (D:2)
  An ooze (D:1)
  A worm (D:2)
  A dart slug (D:1)
  2 leopard geckos
  4 bats (D:1)
  A giant cockroach (D:1)
  5 goblins
  6 hobgoblins
  2 jackals (D:2)
  3 kobolds (D:1)
  2 quokkas (D:2)
  A ball python (D:1)
  5 frilled lizards
  4 rats
39 creatures vanquished.

Notes
Turn   | Place    | Note
-------+----------+-------------------------------------------
     0 | D:1      | Iflex the Merfolk Gladiator began the quest for the Orb.
     0 | D:1      | Reached XP level 1. HP: 16/16 MP: 1/1
    71 | D:1      | Reached XP level 2. HP: 22/22 MP: 2/2
   136 | D:1      | Reached skill level 5 in Polearms
   358 | D:1      | Reached XP level 3. HP: 27/27 MP: 3/3
   768 | D:2      | Reached XP level 4. HP: 25/34 MP: 4/4
   828 | D:2      | Reached skill level 1 in Stealth
   935 | D:2      | HP: 1/34 [something (13)]
   938 | D:2      | Demolished by Sigmund

Skill      XL: |  1  2  3  4 |
---------------+-------------+-----
Polearms       | 5 |  5.6
Stealth        | 1 |  1.2
Fighting       | |  2.3
Throwing       | |  2.2
Armour         | |  0.3
Dodging        | |  4.7

Action                   |  1- 3 |  4- 6 || total
-------------------------+-------+-------++-------
Melee: Trident           |   103 |    21 ||   124
 Stab: Sleeping          |     4 |     2 ||     6
Armor: Leather armour    |    22 |     2 ||    24
Dodge: Dodged            |    60 |     5 ||    65
